 Dungeon Crawl Stone Soup version 0.24.0-37-gcf1ca852f1 (webtiles) character file.

Game seed: 5512192363283428684, levelgen mode: deterministic

396 grindst0ne the Archer (level 6, -2/48 HPs)
             Began as a Centaur Hunter on Nov 22, 2019.
             Killed from afar by an orc wizard (9 damage)
             ... with a puff of flame
             ... on level 3 of the Dungeon.
             The game lasted 00:06:01 (2345 turns).

grindst0ne the Archer (Centaur Hunter)              Turns: 2345, Time: 00:06:01

Health: -2/48      AC:  7    Str: 14    XL:     6   Next: 52%
Magic:  6/6        EV:  9    Int: 10    God:
Gold:   128        SH:  0    Dex: 12    Spells: 5/5 levels left

rFire    . . .     SeeInvis .   a - +1 shortbow
rCold    . . .     Gourm    .   (shield currently unavailable)
rNeg     . . .     Faith    .   c - +0 leather armour
rPois    .         Spirit   .   (no helmet)
rElec    .         Reflect  .   (no cloak)
rCorr    .         Harm     .   m - +2 pair of gloves
MR       .....                  (no barding)
Stlth    +.........             (no amulet)
HPRegen  0.16/turn              (no ring)
MPRegen  0.10/turn              (no ring)

@: drained, very quick
A: large, hooves 3, deformed body, speed 2, tough skin 3
a: no special abilities


You were on level 3 of the Dungeon.
You were hungry.

You visited 1 branch of the dungeon, and saw 3 of its levels.

You collected 128 gold pieces.

Inventory:

Hand Weapons
 a - a +1 shortbow (weapon)
 b - a +0 short sword
Missiles
 d - 20 arrows (quivered)
Armour
 c - a +0 leather armour (worn)
 m - a +2 pair of gloves (worn)
Jewellery
 j - an uncursed amulet of harm
 r - an uncursed ring of flight {unknown}
Scrolls
 g - 2 scrolls of teleportation {unknown}
 h - a scroll of fear {unknown}
 i - a scroll of immolation {unknown}
 k - 2 scrolls of remove curse {unknown}
 n - 3 scrolls of identify {unknown}
 o - a scroll of fog {unknown}
 q - a scroll of enchant armour {unknown}
Potions
 e - a potion of brilliance {unknown}
 l - a potion of haste {unknown}
 p - a potion of heal wounds
Comestibles
 f - a ration


   Skills:
 - Level 2.0(1.0) Fighting
 + Level 10.3(9.1) Bows
 - Level 1.3(0.4) Dodging
 - Level 0.4(0.0) Stealth


You had 5 spell levels left.
You didn't know any spells.
Your spell library was empty.

Dungeon Overview and Level Annotations

Branches:
Dungeon (3/15)

Altars:
Vehumet


Innate Abilities, Weirdness & Mutations

You have hooves in place of feet.
Armour fits poorly on your strangely shaped body.
You cover ground very quickly.
You have extremely tough skin. (AC +3)


Message History

Okay, then.
Firing (i - inventory)
d - 21 arrows (quivered)
Press: ? - help, Shift-Dir - straight line You shoot an arrow.
You hear some strange, mumbled words.
A puff of frost appears from out of thin air!
The puff of frost hits you!
A kobold comes into view. It is wielding a +0 dagger.
The kobold shouts!
A puff of flame appears from out of thin air!
The puff of flame hits you.
* * * LOW HITPOINT WARNING * * *
You see here a cloak.
Found an embroidered hat.
A puff of flame appears from out of thin air!
The puff of flame hits you!
* * * LOW HITPOINT WARNING * * *
A puff of flame appears from out of thin air!
The puff of flame hits you!
You die...

##.K..###### #....###
K(.#.......# #.#.##
##....####.# #.#.#
...).(..†..# #.#.#
.##.#.###..# #.#
.##.#<.##([# ###### #.#
.##.##.##..####..... #.#
.##.....>..{....######.#
................@[..?#.#
....(.(...#.########.#(#
######.####.########.#.#
#)# #.##.........#
#)####^##.#####(###
#...((....# #.#
######.#### #.# #.# #.#
#.# #<#


There were no monsters in sight!

Vanquished Creatures
  Sigmund (D:2)
  An ogre (D:3)
  Natasha (thrice) (D:2)
  4 gnolls (D:2)
  2 leopard geckos
  3 orcs (D:3)
  7 bats
  5 goblins
  4 hobgoblins (D:1)
  A ball python (D:3)
  2 frilled lizards
  5 kobolds
  8 rats
46 creatures vanquished.

Notes
Turn   | Place    | Note
-------+----------+-------------------------------------------
     0 | D:1      | grindst0ne the Centaur Hunter began the quest for the Orb.
     0 | D:1      | Reached XP level 1. HP: 17/17 MP: 1/1
   150 | D:1      | Reached XP level 2. HP: 20/24 MP: 2/2
   163 | D:1      | Reached skill level 6 in Bows
   854 | D:2      | Noticed Natasha
   860 | D:2      | Killed Natasha
   860 | D:2      | Reached skill level 7 in Bows
   860 | D:2      | Reached XP level 3. HP: 29/29 MP: 3/3
   888 | D:2      | Noticed Sigmund
   921 | D:2      | HP: 1/29 [something/magic dart (7)]
   975 | D:2      | Killed Sigmund
   975 | D:2      | Reached skill level 9 in Bows
   975 | D:2      | Reached XP level 4. HP: 17/36 MP: 4/4
   975 | D:2      | Reached XP level 5. HP: 19/41 MP: 5/5
   982 | D:2      | Noticed Natasha
   987 | D:2      | Killed Natasha
  1157 | D:2      | Noticed Natasha
  1192 | D:2      | Killed Natasha
  1324 | D:2      | Found a radiant altar of Vehumet.
  1676 | D:2      | Reached XP level 6. HP: 48/48 MP: 6/6
  2259 | D:3      | Reached skill level 10 in Bows
  2345 | D:3      | Killed from afar by an orc wizard

Levels and vault maps discovered:
D:1:      dpeg_arrival_connections, layout_rooms, minmay_pentomino_v4
D:2:      layout_basic, fiery_altar_vehumet, uniq_natasha, uniq_sigmund
D:3:      layout_loops_ring, first_ration, gammafunk_ghost_smash

Skill      XL: |  1  2  3  4  5  6 |
---------------+-------------------+-----
Bows           | 7 9 10 | 10.3
Fighting       | |  2.0
Dodging        | |  1.3
Stealth        | |  0.4

Action                   |  1- 3 |  4- 6 || total
-------------------------+-------+-------++-------
Melee: Short sword       |    48 |    16 ||    64
       Kick              |     9 |       ||     9
       Shortbow          |     1 |       ||     1
 Fire: Shortbow          |    30 |    69 ||    99
  Use: Potion            |     2 |       ||     2
  Eat: Chunk             |       |     2 ||     2
Armor: Leather armour    |    16 |    36 ||    52
Dodge: Dodged            |    23 |    30 ||    53
